 Dungeon Crawl Stone Soup version 0.30-a0-451-ge042605de7 (webtiles) character file.

Game seed: 17966060979657619615

46 NinjaNoafa the Shield-Bearer (level 3, -1/30 HPs)
             Began as a Formicid Fighter on Dec 12, 2022.
             Slain by an adder (2 damage)
             ... on level 3 of the Dungeon.
             The game lasted 00:05:12 (1595 turns).

NinjaNoafa the Shield-Bearer (Formicid Fighter)     Turns: 1595, Time: 00:05:13

Health: -1/30      AC:  7    Str: 20    XL:     3   Next: 95%
Magic:  3/3        EV:  9    Int:  7    God:
Gold:   80         SH:  5    Dex: 15    Spells: 2/2 levels left

rFire   + . .      SeeInvis +    a - +0 war axe
rCold   + . .      Faith    .    c - +0 buckler
rNeg    . . .      Spirit   .    b - +0 scale mail
rPois   +          Reflect  .    (helmet unavailable)
rElec   +          Harm     .    (no cloak)
rCorr   +          Rampage  .    (no gloves)
Will    .....                    (no boots)
Stlth   ..........               (no amulet)
HPRegen 0.25/turn                (no ring)
MPRegen 0.08/turn                (no ring)

@: mighty, lethally poisoned (-1 -> -2), resistant, attractive
A: permanent stasis, dig shafts and tunnels, antennae 3, four strong arms
a: Dig, Shaft Self


You were on level 3 of the Dungeon.
You visited 1 branch of the dungeon, and saw 3 of its levels.

You collected 80 gold pieces.

Inventory:

Hand Weapons
 a - a +0 war axe (weapon)
Missiles
 f - 10 poisoned darts
 g - 10 stones
 k - 9 boomerangs
Armour
 b - a +0 scale mail (worn)
 c - a +0 buckler (worn)
Scrolls
 e - a scroll of immolation {unknown}
 h - a scroll of identify {unknown}
 n - a scroll of enchant armour {unknown}
 p - 2 scrolls of blinking {unknown}
Potions
 i - a potion of attraction
 j - a potion of curing {unknown}
 l - a potion of berserk rage {unknown}
 o - a potion of flight {unknown}


   Skills:
 + Level 3.7 Fighting
 + Level 2.6 Axes
 + Level 3.8 Armour
 + Level 4.5 Shields


You had 2 spell levels left.
You didn't know any spells.
Your spell library contained the following spells:

 Spells                   Type           Power      Damage    Failure   Level
 Sting                    Tmut/Pois      0%         1d3       85%         1
 Poisonous Vapours        Pois/Air       0%         N/A       94%         2
 Olgreb's Toxic Radiance  Pois           0%         N/A       100%        4


Dungeon Overview and Level Annotations

Branches:
Dungeon (3/15)

Altars:

Annotations:
D:3 Sigmund


Innate Abilities, Weirdness & Mutations

You cannot be hasted, slowed, berserked, paralysed or teleported.
You can dig through walls and to a lower floor.
You have a pair of large antennae on your head. (SInv)
Your four strong arms can wield two-handed weapons with a shield.


Message History

You feel very mighty all of a sudden.
An adder comes into view.
Found 12 gold pieces.
Sigmund closely misses you. Sigmund hits you with a +0 scythe!
You hit Sigmund.
Sigmund is lightly wounded.
Sigmund hits you with a +0 scythe.
You closely miss Sigmund.
Sigmund is lightly wounded.
You completely miss the adder. The adder barely misses you. x2
You barely miss the adder. You closely miss Sigmund.
Sigmund hits you with a +0 scythe. The adder closely misses you.
You block the adder's attack.
You slash the adder!
The adder is almost dead.
You barely miss Sigmund. Sigmund casts a spell at you.
The puff of flame hits you! The adder closely misses you.
Sigmund hits you with a +0 scythe.
* * * LOW HITPOINT WARNING * * *
You closely miss the adder.
The adder is almost dead.
You slash Sigmund! The adder barely misses you. The adder bites you.
* * * LOW HITPOINT WARNING * * *
You are lethally poisoned!
The adder poisons you! Sigmund barely misses you.
* * * LOW HITPOINT WARNING * * *
You feel sick. The adder closely misses you.
The adder bites you but does no damage.
It was a potion of attraction.
You feel attractive to monsters.
* * * LOW HITPOINT WARNING * * *
You feel sick. Sigmund barely misses you.
The adder bites you but does no damage. Sigmund is attracted toward you.
It was a potion of resistance.
You feel protected.
* * * LOW HITPOINT WARNING * * *
You feel sick. The adder bites you.
You die...

.........##....
...............
..$..........
..........#
#........# #
###........#.#
#....ยง.....#.#
#?....@......#
.......S@.....##.
..............:..
....###..<.......
... #..........
.. #...#...... .
#...#......
....#......
...... .....
......# .....


You could see Sigmund (invisible) and an adder.

Vanquished Creatures
  An adder (D:2)
  2 worms (D:2)
  2 dart slugs
  3 bats
  2 endoplasms (D:2)
  A giant cockroach (D:2)
  3 goblins
  A hobgoblin (D:1)
  3 kobolds
  A quokka (D:1)
  2 ball pythons (D:1)
  3 frilled lizards (D:1)
  4 rats
28 creatures vanquished.

Notes
Turn   | Place    | Note
-------+----------+-------------------------------------------
     0 | D:1      | NinjaNoafa the Formicid Fighter began the quest for the
                  | Orb.
     0 | D:1      | Reached XP level 1. HP: 18/18 MP: 1/1
   146 | D:1      | Reached XP level 2. HP: 23/24 MP: 2/2
   795 | D:2      | Reached XP level 3. HP: 24/29 MP: 3/3
  1095 | D:2      | Found a faded altar of an unknown god.
  1576 | D:3      | Noticed Sigmund
  1595 | D:3      | HP: 1/30 [poisoned by an adder]
  1595 | D:3      | Slain by an adder

Illustrated notes

Levels and vault maps discovered:
D:1:      lightli_arrival_quake, layout_loops_cross
D:2:      layout_loops_corners, hellmonk_ecumenical_altar_inner_sanctum
D:3:      layout_basic, st_stairs_2, uniq_sigmund, uniq_jessica

Action                   || total
-------------------------++-------
Melee: War axe           ||    81
 Abil: Dig               ||     6
  Use: Potion            ||     3
Armor: Scale mail        ||    36
Dodge: Dodged            ||    38
Block: Buckler           ||    23

Table legend: (Time is in decaauts)
 A = Elapsed time spent in this place.
 B = Non-inter-level travel time spent in this place.
 C = Inter-level travel time spent in this place.
 D = Time resting spent in this place.
 E = Time spent auto-exploring this place.
 F = Levels seen in this place.
 G = Mean time per level.
                   A        B        C        D        E       F      G
               +--------+--------+--------+--------+--------+-----+--------+
         Total |   1629 |   1550 |     79 |      0 |   1236 |   3 |  543.0 |
       Dungeon |   1629 |   1550 |     79 |      0 |   1236 |   3 |  543.0 |
               +--------+--------+--------+--------+--------+-----+--------+

Top non-repeatable levels by time:
     D:2: 898 daAuts
     D:1: 714 daAuts
     D:3: 16 daAuts
